 Dungeon Crawl Stone Soup version 0.29.1-15-g9cfb28693d (webtiles) character file.

Game seed: 2756817016526012000

221 Atelerd the Sneak (level 5, -6/31 HPs)
             Began as an Octopode Earth Elementalist on Apr 25, 2023.
             Mangled by a howler monkey (7 damage)
             ... on level 4 of the Dungeon.
             The game lasted 00:03:49 (2508 turns).

Atelerd the Sneak (Octopode Earth Elementalist)     Turns: 2508, Time: 00:03:49

Health: -6/31      AC:  1    Str:  8    XL:     5   Next: 98%
Magic:  10/10      EV: 13    Int: 19    God:
Gold:   86         SH:  0    Dex: 12    Spells: 6/11 levels left

rFire   . . .      SeeInvis .   p - +2 dagger (venom)
rCold   . . .      Faith    .   (no shield)
rNeg    . . .      Spirit   .   (helmet restricted)
rPois   .          Reflect  .   (no amulet)
rElec   .          Harm     .   (no ring)
rCorr   .          Rampage  .   (no ring)
Will    .....                   (no ring)
Stlth   ++++......              (no ring)
HPRegen 0.10/turn               (no ring)
MPRegen 0.12/turn               (no ring)
                                (no ring)
                                (no ring)

@: on berserk cooldown
A: almost no armour, amphibious, 8 rings, camouflage 1, gelatinous body 1,
(nimble swimmer 1), tentacles
a: no special abilities


You were on level 4 of the Dungeon.
You visited 1 branch of the dungeon, and saw 4 of its levels.

You collected 86 gold pieces.

Inventory:

Hand Weapons
 d - a +0 short sword
 p - a +2 dagger of venom (weapon)
Jewellery
 e - a ring of fire
 f - a ring of flight
 o - a ring of flight
Scrolls
 b - a scroll of poison {unknown}
 c - a scroll of teleportation {unknown}
 h - 4 scrolls of identify {unknown}
 j - a scroll of torment {unknown}
 k - a scroll of magic mapping {unknown}
 m - a scroll of fear {unknown}
 n - a scroll of blinking {unknown}
 r - a scroll of vulnerability {unknown}
Potions
 a - a potion of magic
 i - 2 potions of berserk rage


   Skills:
 - Level 2.1 Dodging
 - Level 5.0 Stealth
 + Level 3.7 Spellcasting
 - Level 2.0 Transmutations
 - Level 4.0 Earth Magic


You had 6 spell levels left.
You knew the following spells:

 Your Spells              Type           Power      Damage    Failure   Level
a - Sandblast             Erth           36%        2d10      2%          1
p - Petrify               Tmut/Erth      14%        N/A       38%         4

Your spell library contained the following spells:

 Spells                   Type           Power      Damage    Failure   Level
 Passwall                 Tmut/Erth      11%        N/A       6%          2
 Stone Arrow              Conj/Erth      22%        3d8       19%         3


Dungeon Overview and Level Annotations

Branches:
Dungeon (4/15)
 Temple: D:4-7

Altars:


Innate Abilities, Weirdness & Mutations

You cannot wear most types of armour.
You are amphibious.
You can wear up to eight rings at the same time.
Your skin changes colour to match your surroundings (Stealth+).
Your rubbery body absorbs attacks. (AC +1, EV +1)
((You are camouflaged when in or above water. (Stealth+)))
You have tentacles for arms and can constrict up to eight enemies at once.


Message History

You hear a shout!
Your magical contamination has completely faded away.
You feel a strong urge to attack something.
The orc wizard points at you and mumbles some strange words.
The puff of flame hits you!
* * * LOW HITPOINT WARNING * * *
You feel your anger nearly subside.
You are no longer berserk.
You are exhausted.
You feel yourself slow down.
It was a potion of curing.
You feel better.
It was a potion of flight.
You feel very buoyant.
You fly up into the air.
The howler monkey misses you. The howler monkey hits you.
* * * LOW HITPOINT WARNING * * *
The howler monkey hoots and howls with incredible vigour!
You hear a shout!
It was a potion of cancellation.
Your magical effects are unravelling.
You feel magically purged.
You feel yourself speed up.
You float gracefully downwards.
The howler monkey hoots and howls with incredible vigour!
You hear a shout!
Okay, then.
The howler monkey misses you.
The howler monkey attacks as you move away!
The howler monkey misses you.
Unknown command.
An orc comes into view. It is wielding a +2 vampiric hand axe.
The howler monkey hits you.
* * * LOW HITPOINT WARNING * * *
The orc shouts!
You hear a shout!
The howler monkey hoots and howls with incredible vigour!
You hear a shout!
You hear a bark!
You hear a shout!
The howler monkey hits you.
* * * LOW HITPOINT WARNING * * *
Okay, then.
The howler monkey hits you!
You die...

.####..##
#....###..####...##
## #...# #....#
#..####..# # ##..#
##..## #....o...##
#..####..#
##..o.....#
##..##...#
##..#####..#
#..##...## #..##
#...#
##.##....####o.#
#...#
#..#....#....##
#...
##........@h..# #..
##.........(....#
.. #
###...##....####..#
####....####..##
#...# ......###
#..# ##...# .....##
##..# ....# ###..#
#..# #.... #..# #.
#..#


You could see a howler monkey, an orc wizard and 2 orcs.

Vanquished Creatures
  A howler monkey (D:4)
  An orc priest (D:4)
  3 gnolls (D:4)
  6 adders
  A worm (D:2)
  A dart slug (D:2)
  3 orcs
  12 bats
  5 endoplasms
  5 giant cockroaches
  5 goblins
  4 hobgoblins
  3 jackals (D:4)
  A quokka (D:2)
  7 ball pythons
  2 frilled lizards (D:1)
  4 kobolds
  A rat (D:2)
65 creatures vanquished.

Notes
Turn   | Place    | Note
-------+----------+-------------------------------------------
     0 | D:1      | Atelerd the Octopode Earth Elementalist began the quest for
                  | the Orb.
     0 | D:1      | Reached XP level 1. HP: 11/11 MP: 3/3
   220 | D:1      | Reached XP level 2. HP: 5/17 MP: 0/5
   966 | D:2      | Reached XP level 3. HP: 21/21 MP: 1/6
  1215 | D:2      | Reached skill level 3 in Stealth
  1372 | D:2      | Reached XP level 4. HP: 25/27 MP: 4/7
  1726 | D:2      | Found a faded altar of an unknown god.
  1842 | D:3      | Identified the +2 robe of Cadin {rPois rF+ Regen+ Int-3}
  2052 | D:3      | Learned a level 4 spell: Petrify
  2198 | D:4      | Reached XP level 5. HP: 29/31 MP: 4/9
  2309 | D:4      | Reached skill level 4 in Stealth
  2484 | D:4      | Reached skill level 5 in Stealth
  2486 | D:4      | HP: 1/46 [orc wizard/puff of flame (10)]
  2505 | D:4      | HP: 1/31 [howler monkey (3)]
  2508 | D:4      | Mangled by a howler monkey

Illustrated notes

Levels and vault maps discovered:
D:1:      psy_arrival_spokes, layout_loops_ring
D:2:      layout_basic, chequers_ecumenical_altar_grove, minmay_pentomino_z4
D:3:      layout_basic
D:4:      layout_layer_cave, uniq_grinder

Skill      XL: |  1  2  3  4  5 |
---------------+----------------+-----
Stealth        | 3 5 |  5.0
Transmutations | 2 |  2.0
Earth Magic    | 4 |  4.0
Spellcasting   | 3 |  3.7
Dodging        | |  2.1

Action                   |  1- 3 |  4- 6 || total
-------------------------+-------+-------++-------
Melee: Short sword       |    17 |     8 ||    25
       Constrict         |     6 |     8 ||    14
       Tentacles         |     3 |     1 ||     4
       Dagger            |       |     9 ||     9
       Punch             |       |     1 ||     1
 Cast: Sandblast         |    26 |    47 ||    73
  Use: Potion            |       |     4 ||     4
 Stab: Sleeping          |     5 |     1 ||     6
Armor: Skin              |     1 |     3 ||     4
Dodge: Dodged            |    16 |    23 ||    39
